 Dungeon Crawl Stone Soup version 0.21.1-1-g345015fe64 (webtiles) character file.

706303 Silentium the Shatterer (level 27, -4/260 HPs)
             Began as a Demigod Fighter on Apr 25, 2018.
             Slain by an Orb Guardian (17 damage)
             ... on level 5 of the Realm of Zot on Apr 26, 2018.
             The game lasted 07:47:00 (77786 turns).

Silentium the Shatterer (Demigod Fighter)          Turns: 77786, Time: 07:47:01

Health: -4/260     AC: 46    Str: 30    XL:     27
Magic:  0/36       EV: 21    Int: 21    God:
Gold:   4156       SH:  0    Dex: 29    Spells: 26/26 levels left

rFire    + . .     SeeInvis .   k - +10 dark maul {crush}
rCold    . . .     Gourm    .   (shield currently unavailable)
rNeg     + + +     Faith    .   e - +8 orange crystal plate armour {Archmagi, Int+3 Clar}
rPois    .         Spirit   +   y - +0 helmet of the Distant Future {rN+ Int+4}
rElec    .         Reflect  .   r - +1 cloak "Talesh" {*Corrode MP+9 Int+4 Slay+6}
rCorr    .         Harm     .   v - +2 pair of gloves of Guling {rF- rN+++ Str+3 Stlth+}
MR       ++...     Clarity  +   m - +2 pair of boots
Stlth    ..........             C - amulet of guardian spirit
HPRegen  0.93/turn              F - ring of protection from fire
MPRegen  0.25/turn              M - ring of protection from fire

@: about to teleport, hasted, very quick
A: talons 1, agile 1, dopey 1, high mp 1, regeneration 1, strong 1, no potion
heal 2, subdued magic 2, MP-powered wands
}: 4/15 runes: serpentine, barnacled, silver, abyssal
a: no special abilities


You were on level 5 of the Realm of Zot.
You were not hungry.

You visited 12 branches of the dungeon, and saw 54 of its levels.
You visited the Abyss 1 time.
You also visited: Ice Cave.

You collected 8509 gold pieces.
You spent 4353 gold pieces at shops.

Inventory:

Hand Weapons
 c - a +2 eveningstar of flaming
 k - the +10 dark maul (weapon) {crush}
   (You took it off a deep elf demonologist on level 5 of the Vaults)

   It inflicts extra damage upon your enemies.
 E - a +1 dire flail of holy wrath
 R - a +3 demon whip of electrocution
 X - a +2 double sword of holy wrath
Armour
 e - the +8 orange crystal plate armour (worn) {Archmagi, Int+3 Clar}
   (You took it off a red devil on level 2 of the Depths)

   It affects your intelligence (+3).
   It protects you against confusion.
 m - a +2 pair of boots (worn)
 r - the +1 cloak "Talesh" (worn) {*Corrode MP+9 Int+4 Slay+6}
   (You found it on level 5 of the Vaults)

   It affects your intelligence (+4).
   It affects your accuracy and damage with ranged weapons and melee attacks
   (+6).
   It affects your magic capacity (+9).
   It may corrode you when you take damage.
 u - a +1 large shield
 v - the +2 pair of gloves of Guling (worn) {rF- rN+++ Str+3 Stlth+}
   (You found it in an ice cave)

   It affects your strength (+3).
   It makes you vulnerable to fire.
   It renders you almost immune to negative energy.
   It makes you more stealthy.
 y - the +0 helmet of the Distant Future (worn) {rN+ Int+4}
   (You found it on level 4 of the Shoals)

   It affects your intelligence (+4).
   It protects you from negative energy.
 H - the +1 gold dragon scales of the Scribe {rPois rF+ rC+ Int+6 Dex+6}
   (You found it on level 7 of the Dungeon)

   It affects your intelligence (+6).
   It affects your dexterity (+6).
   It protects you from fire.
   It protects you from cold.
   It protects you from poison.
 Q - the +0 pair of boots of Catatonia {rF- MR+ rCorr Int+2}
   (You found it on level 14 of the Dungeon)

   It affects your intelligence (+2).
   It makes you vulnerable to fire.
   It affects your resistance to hostile enchantments.
   It protects you from acid and corrosion.
Jewellery
 i - an uncursed ring of protection from magic
 l - an uncursed ring of ice
 o - an uncursed ring of see invisible
 s - a +2 ring of evasion
 t - a +6 ring of evasion
 w - an uncursed ring of poison resistance
 C - an amulet of guardian spirit (around neck)
 F - a ring of protection from fire (left hand)
 I - the ring of Erememoa {rPois rF- Str+3 Dex+8}
   (You bought it in a shop on level 2 of the Orcish Mines)

   [ring of poison resistance]

   It affects your strength (+3).
   It affects your dexterity (+8).
   It makes you vulnerable to fire.
   It protects you from poison.
 M - a ring of protection from fire (right hand)
 S - the ring of Tir Meducol {rC+ Dex-4 Slay+2 SInv, unknown}
   (You took it off a white draconian on level 4 of the Realm of Zot)

   [ring of see invisible]

   It affects your dexterity (-4).
   It affects your accuracy and damage with ranged weapons and melee attacks
   (+2).
   It protects you from cold.
   It lets you see invisible.
 Z - an uncursed ring of resist corrosion
Wands
 d - a wand of flame (125)
 B - a wand of iceblast (79)
 G - a wand of digging (70)
 U - a wand of disintegration (33)
 V - a wand of polymorph (15)
Scrolls
 j - a scroll of silence
 n - 26 scrolls of remove curse
 p - 18 scrolls of identify
 x - 2 scrolls of enchant armour
 D - 5 scrolls of magic mapping
 N - 3 scrolls of teleportation
 P - a scroll of enchant weapon
 W - 2 scrolls of brand weapon
Potions
 a - a potion of resistance
 g - 3 potions of invisibility
 q - 12 potions of cancellation
 z - 5 potions of agility
 A - 11 potions of curing
 J - 4 potions of might
 L - 4 potions of flight
 T - a potion of haste
Miscellaneous
 h - a lightning rod (4/4)
 O - a lightning rod (4/4)
Comestibles
 f - 111 rations
 K - 2 chunks of flesh


   Skills:
 - Level 23.9 Fighting
 - Level 7.7 Long Blades
 - Level 24.3 Maces & Flails
 + Level 18.6 Armour
 + Level 16.9 Dodging
 - Level 17.4 Shields


You had 26 spell levels left.
You didn't know any spells.

Dungeon Overview and Level Annotations

Branches:
Dungeon (15/15)            Temple (0/1) D:6            Lair (6/6) D:10
 Shoals (4/4) Lair:3        Snake (4/4) Lair:3        Slime (1/5) Lair:5
    Orc (2/2) D:11            Elf (3/3) Orc:2        Vaults (5/5) D:13
  Crypt (3/3) Vaults:2       Tomb (1/3) Crypt:3      Depths (5/5) D:15
    Zot (5/5) Depths:5

Shops:
D:6 !   D:7 ?   D:11 [   D:13 [   Orc:2 ([=%[   Elf:1 *   Elf:3 =
Vaults:5 ?!!%%=!!!   Depths:3 =}=

Portals:
Hell: Depths:1 Depths:2 Depths:3 Depths:4 Depths:5
Abyss: Depths:2 Depths:3 Depths:4 Depths:5
Pandemonium: Depths:2 Depths:3 Depths:5
Ziggurat: Depths:2

Annotations:
D:8 Gastronok
Lair:3 exclusion: 3 oklob plants
Zot:5 VanClaymore's ghost, legendary GrMo


Innate Abilities, Weirdness & Mutations

You have an increased reservoir of magic. (+10% MP)
You have sharp toenails.
You are agile. (Dex +2)
You are dopey. (Int -2)
Your natural rate of healing is unusually fast.
Your muscles are strong. (Str +2)
Potions are poor at restoring your health.
Your spells are easier to cast, but less powerful.
You expend magic power (3 MP) to strengthen your wands.


Message History

The Orb Guardian barely misses you. The Orb Guardian completely misses you.
The Orb Guardian moves out of view.
The orb of fire glows bright magenta.
Strange energies course through your body.
Your system mostly rejects the healing effects of potions.
Your system partially rejects the healing.
You feel better. The death cob completely misses you.
The Orb Guardian closely misses you.
The Orb Guardian hits you but does no damage. x2
The death cob hits you but does no damage.
The orb of fire glows yellow.
Strange energies course through your body.
The moth of wrath goads the Orb Guardian on!
The Orb Guardian goes berserk!
Your system partially rejects the healing.
You feel better. The Orb Guardian closely misses you.
The death cob barely misses you.
The Orb Guardian hits you but does no damage.
The Orb Guardian hits you!!
You die...

▓▓▓▓▓▓▓▓▓
▓▓..X*@XX▓▓
▓...XXzX..▓
▓....XXX.*..▓
......0.......X.
▓...........▓X..
▓▓......y..▓▓ ..
▓▓.......▓▓ .
▓▓▓▓▓▓▓▓▓


You could see 2 orbs of fire, a death cob, 11 Orb Guardians and a moth of wrath.

Vanquished Creatures
  An orb of fire (Zot:3)
  Mara (Elf:3)
  3 ancient liches
  Frederick (Vaults:2)
  Margery (Depths:5)
  Saint Roka (Vaults:5)
  A Killer Klown (Zot:5)
  A curse toe (Zot:1)
  The ghost of Ivernyr the Unlucky Demonspawn, a veteran DsSk of Nemelex Xobeh (Elf:3)
  A caustic shrike (Depths:4)
  4 golden dragons
  Jory (Crypt:3)
  5 bone dragons
  Jorgrun (Snake:2)
  12 tentacled monstrosities
  An electric golem (Zot:2)
  Rupert (D:12)
  A Hell Sentinel (Abyss:3)
  7 liches
  An Ice Fiend (IceCv)
  4 deep elf blademasters (Elf:3)
  The ghost of tensugalgo the Nimble, an adept GnGl of Okawaru (Shoals:4)
  3 titans
  2 deep elf master archers (Elf:3)
  8 quicksilver dragons
  2 krakens
  13 tentacled starspawn
  5 sphinxes
  Kirke (Snake:1)
  An acid blob (shapeshifter) (Depths:2)
  8 death cobs
  9 shadow dragons
  2 thorn hunters (Depths:3)
  An ancient champion (Crypt:1)
  Frances (D:14)
  Ilsuiw (Shoals:4)
  A revenant (Crypt:2)
  11 storm dragons
  4 draconian monks
  13 nagarajas (Snake:4)
  8 fire giants
  9 tengu reavers
  8 frost giants
  6 draconian knights
  Louise (Snake:1)
  A ghost moth (shapeshifter) (Depths:4)
  A cacodemon (Abyss:1)
  7 deep elf sorcerers
  4 iron dragons
  6 draconian scorchers
  3 balrugs
  A draconian shifter (Zot:2)
  14 vault wardens
  Aizul (Snake:1)
  The ghost of zx48k the Arsonist, a journeyman HOFE of Beogh (Elf:1)
  3 draconian stormcallers
  6 deep elf elementalists
  2 reapers
  11 ironheart preservers
  6 war gargoyles
  An ophan (Abyss:3)
  A spriggan defender (Depths:4)
  7 ghouls (Crypt:1)
  22 very ugly things
  6 draconian annihilators
  5 vampire knights
  2 entropy weavers (Lair:6)
  23 stone giants
  Nessos (D:13)
  3 deep elf demonologists
  7 green draconians
  8 yellow draconians
  10 black draconians
  13 red draconians
  11 white draconians
  A lorocyproca (Abyss:3)
  12 spark wasps
  5 deep elf annihilators (Elf:3)
  8 purple draconians
  5 merfolk javelineers
  3 blizzard demons
  13 merfolk impalers
  10 ettins
  3 crystal guardians
  Snorg (D:12)
  An eidolon (Crypt:1)
  10 fire dragons
  13 deep elf death magi
  6 jiangshi
  11 yaktaur captains
  8 hydras
  10 ice dragons
  6 rakshasas
  10 great orbs of eyes
  10 deep elf high priests
  33 vault guards
  An anaconda (shapeshifter) (Depths:5)
  9 merfolk avatars
  10 centaur warriors
  3 spriggan air magi
  20 naga warriors
  Erica (D:10)
  5 merfolk aquamancers
  5 anacondas
  3 death knights
  31 dancing weapons
  52 two-headed ogres
  9 deep troll shamans
  15 ogre magi
  The ghost of Dox the Basher, a journeyman GrFi of Ashenzari (D:11)
  3 alligator snapping turtles
  A queen ant (Lair:6)
  13 tengu warriors
  4 vampire magi
  3 satyrs
  A titan zombie (Crypt:3)
  6 deep troll earth magi
  11 naga sharpshooters
  11 spriggan berserkers
  9 thrashing horrors
  17 deep elf knights
  3 shock serpents
  7 orc high priests
  3 soul eaters
  Sonja (Lair:4)
  5 iron trolls
  4 sun demons
  19 sea snakes
  24 hell knights
  A storm dragon skeleton (Crypt:2)
  A spatial maelstrom (Abyss:2)
  44 skeletal warriors
  2 shadow wraiths
  A salamander mystic (Snake:3)
  8 wretched stars
  A sixfirhy (Abyss:1)
  2 quicksilver dragon simulacra (Depths:2)
  A spark wasp zombie (D:15)
  2 wizards
  An unseen horror (shapeshifter) (Vaults:1)
  An anaconda zombie (Crypt:3)
  11 unseen horrors
  4 glowing orange brains
  15 starcursed masses (Abyss:3)
  A golden dragon zombie (Crypt:3)
  21 deep trolls
  A sea snake (shapeshifter) (D:11)
  5 flayed ghosts
  16 deep elf archers
  23 harpies
  14 ironbrand convokers
  2 naga ritualists (Snake:4)
  7 phantasmal warriors
  21 orc knights
  An obsidian statue (D:14)
  2 tengu zombies
  2 anaconda skeletons
  51 deep elf magi
  15 necromancers
  2 iron dragon zombies (Crypt:3)
  A wolf spider (Vaults:4)
  7 cyclopes
  5 fauns (Shoals:3)
  12 mana vipers
  A fire giant zombie (Crypt:3)
  13 salamanders
  32 ugly things
  3 orc sorcerers
  19 moths of wrath
  A cyclops (shapeshifter) (Depths:4)
  7 merfolk sirens
  9 manticores
  2 shadow dragon skeletons (Crypt:1)
  16 vault sentinels
  A guardian serpent (shapeshifter) (Abyss:3)
  26 black mambas
  3 water nymphs
  3 worldbinders
  10 elephants (Lair:6)
  2 frost giant skeletons
  14 guardian serpents
  8 spiny frogs
  6 smoke demons
  3 gargoyles (D:10)
  20 naga magi
  An apocalypse crab (Abyss:1)
  A black mamba (shapeshifter) (Depths:1)
  2 molten gargoyles (Depths:3)
  An orange demon (Abyss:1)
  An orc zombie (Vaults:2)
  A torpor snail (Lair:6)
  Psyche (D:8)
  A green draconian zombie (Crypt:2)
  2 kobold demonologists (D:14)
  9 rust devils
  2 ice statues
  39 yaktaurs
  A yaktaur zombie (Vaults:2)
  A yaktaur (shapeshifter) (Vaults:5)
  A hellion (Depths:5)
  12 rime drakes
  10 komodo dragons
  3 spriggan zombies
  5 demonic crawlers
  3 komodo dragons (shapeshifter)
  5 tengu conjurers
  8 ice devils
  2 efreet
  A golden dragon simulacrum (IceCv)
  17 freezing wraiths
  6 red devils
  6 trolls
  7 ancient zymes
  5 meliai (Abyss:3)
  2 hellwings (Abyss:2)
  25 merfolk
  A shadow dragon simulacrum (Abyss:3)
  27 slime creatures
  A minotaur zombie (Crypt:2)
  A meliai (shapeshifter) (Depths:3)
  5 anaconda simulacra (IceCv)
  8 hornets
  3 hydra skeletons
  A queen bee (Abyss:3)
  A hydra zombie (Crypt:3)
  A sphinx simulacrum (Depths:2)
  2 polar bears
  7 wind drakes
  An ice dragon zombie (D:15)
  9 snapping turtles
  3 wolf spider simulacra (IceCv)
  8 dream sheep (Shoals:3)
  10 raiju
  A fire giant simulacrum (Abyss:1)
  10 blink frogs
  An ettin zombie (Crypt:3)
  A dream sheep (shapeshifter) (Vaults:1)
  16 hippogriffs
  2 bog bodies (Crypt:1)
  A hippogriff (shapeshifter) (Vaults:2)
  46 flying skulls
  4 ynoxinuls
  An ice dragon skeleton (Crypt:2)
  9 air elementals
  4 hogs (Snake:1)
  9 shadows
  A redback (shapeshifter) (Vaults:4)
  3 spriggans
  A spriggan (shapeshifter) (Vaults:3)
  10 wyverns
  19 water elementals
  A hungry ghost (D:15)
  The ghost of raetorn the Sneak, an amateur VSEn (D:5)
  A basilisk (shapeshifter) (Abyss:3)
  11 wraiths
  45 yaks
  13 basilisks
  7 fire bats
  4 fire elementals
  An ushabti (Tomb:1)
  3 chaos spawn
  5 neqoxecs
  3 golden eyes
  9 vampire mosquitoes
  A steam dragon (D:12)
  A death yak simulacrum (IceCv)
  2 harpy simulacra (IceCv)
  23 large abominations
  2 iron troll simulacra (IceCv)
  A deep troll zombie (Crypt:1)
  13 soldier ants
  9 wargs
  47 nagas
  5 hell hounds
  6 insubstantial wisps
  2 acid dragons
  15 water moccasins
  A floating eye (shapeshifter) (Depths:4)
  3 hydra simulacra (IceCv)
  A monstrous demonspawn skeleton (Crypt:1)
  A spiny frog zombie (Tomb:1)
  31 small abominations
  A water nymph skeleton (Crypt:1)
  6 sky beasts
  56 orc warriors
  8 porcupines
  2 snapping turtle zombies (Crypt:3)
  A swamp drake (shapeshifter) (Vaults:4)
  7 ice beasts
  An alligator simulacrum (IceCv)
  2 blink frog zombies (Crypt:1)
  A boggart (shapeshifter) (D:14)
  3 eyes of draining
  8 necrophages
  7 wolves (Lair:4)
  4 ettin simulacra
  15 boggarts
  43 ogres
  10 crocodiles
  3 phantoms
  39 centaurs
  12 bullfrogs
  9 big kobolds
  A human zombie (Vaults:2)
  2 wyvern zombies
  14 earth elementals
  2 wyvern skeletons (D:9)
  A cyclops skeleton (Crypt:2)
  2 scorpions
  A swamp dragon simulacrum (IceCv)
  14 killer bees
  4 howler monkeys
  9 wights (D:12)
  2 electric eels
  3 lava snakes
  2 centaur zombies
  5 crimson imps
  2 bullfrog zombies
  3 draconian simulacra (IceCv)
  2 quasits
  11 hounds
  6 jellies
  Crazy Yiuf (D:4)
  42 orc priests
  2 centaur skeletons
  3 iron imps
  Natasha (twice) (D:3)
  3 iguanas
  27 orc wizards
  2 spriggan simulacra (IceCv)
  27 worker ants
  2 troll simulacra (IceCv)
  A big kobold skeleton (Crypt:2)
  A centaur simulacrum (IceCv)
  3 hound zombies (D:6)
  2 mummies (Tomb:1)
  A howler monkey zombie (D:8)
  4 gnolls (D:10)
  11 adders
  2 naga simulacra (IceCv)
  4 ogre simulacra (IceCv)
  6 shadow imps
  10 white imps
  10 ufetubi
  An ooze (D:4)
  2 adder skeletons
  2 worms (D:2)
  2 dart slugs
  9 leopard geckos
  166 orcs
  4 ball pythons
  10 giant cockroaches
  5 goblins
  4 hobgoblins
  8 jackals
  A quokka (D:6)
  4 bats
  4 frilled lizards
  A jackal zombie (D:7)
  24 kobolds
  2 leopard gecko skeletons (D:6)
  A leopard gecko zombie (D:7)
  A quokka skeleton (D:8)
  7 rats
  A river rat zombie (Crypt:1)
  2 bushes (D:14)
  2 crawling corpses (Elf:3)
  4 fire vortices
  A fungus (Lair:4)
  A lurking horror (Abyss:3)
  2 plants
  2 starspawn tentacles
  6 tentacles
2794 creatures vanquished.

Vanquished Creatures (collateral kills)
  A golden dragon (Zot:4)
  A tentacled monstrosity (Zot:4)
  A death cob (Zot:4)
  A storm dragon (Depths:2)
  A spriggan berserker (Depths:2)
  A soul eater (Depths:2)
  A wraith (Depths:2)
7 creatures vanquished.

Vanquished Creatures (others)
  A wizard (Depths:3)
  A tengu warrior (Depths:2)
  A deep troll (Depths:4)
  An unseen horror (Depths:3)
  A deep elf archer (Elf:3)
  A necromancer (Vaults:4)
  3 deep elf magi
  A guardian serpent (Snake:4)
  A molten gargoyle (Depths:3)
  A raiju (Abyss:2)
  A frost giant simulacrum (Depths:2)
  A shadow (Depths:2)
  A floating eye (Depths:4)
  2 ogres
  3 boggarts
  A jelly (D:5)
  2 white imps (IceCv)
  4 ufetubi (IceCv)
  3 orcs
  A bush (D:14)
  2 crawling corpses (Elf:3)
  A fire vortex (D:14)
  17 fungi
  61 plants
  19 starspawn tentacles
  27 tentacles
  2 withered plants (D:15)
160 creatures vanquished.

Grand Total: 2961 creatures vanquished

Notes
Turn   | Place    | Note
-------+----------+-------------------------------------------
     0 | D:1      | Silentium the Demigod Fighter began the quest for the Orb.
     0 | D:1      | Reached XP level 1. HP: 18/18 MP: 3/3
   660 | D:1      | Reached XP level 2. HP: 26/26 MP: 4/4
  1316 | D:2      | Reached XP level 3. HP: 30/33 MP: 5/5
  1663 | D:2      | Found a hide-covered altar of Uskayaw.
  1674 | D:2      | Found a shimmering altar of Xom.
  1931 | D:2      | HP: 1/34 [iguana (9)]
  1932 | D:2      | Reached XP level 4. HP: 2/41 MP: 6/6
  2565 | D:3      | Found a shadowy altar of Dithmenos.
  2584 | D:3      | Reached skill level 5 in Fighting
  2586 | D:3      | Noticed Natasha
  2831 | D:3      | Gained mutation: Your muscles are strong. (Str +2) [potion of mutation]
  2831 | D:3      | Gained mutation: You are agile. (Dex +2) [potion of mutation]
  2831 | D:3      | Gained mutation: Your natural rate of healing is unusually fast. [potion of mutation]
  2848 | D:3      | Killed Natasha
  2938 | D:4      | Noticed an ogre
  2974 | D:3      | Reached XP level 5. HP: 31/48 MP: 7/7
  3109 | D:3      | Noticed Natasha
  3114 | D:3      | Killed Natasha
  3351 | D:4      | Killed an ogre
  3351 | D:4      | Reached XP level 6. HP: 57/57 MP: 8/8
  3448 | D:4      | Found a runed door.
  3645 | D:4      | Noticed Crazy Yiuf
  3652 | D:4      | Killed Crazy Yiuf
  3691 | D:5      | Entered Level 5 of the Dungeon
  3864 | D:5      | Noticed raetorn's ghost (amateur VSEn)
  3916 | D:5      | Found a sparkling altar of Nemelex Xobeh.
  3992 | D:5      | Reached XP level 7. HP: 40/64 MP: 9/9
  4457 | D:5      | Killed raetorn's ghost
  4703 | D:6      | Noticed a wyvern
  4741 | D:6      | Reached skill level 5 in Long Blades
  4899 | D:6      | Reached skill level 1 in Dodging
  5091 | D:6      | Reached XP level 8. HP: 61/73 MP: 10/10
  5519 | D:6      | Reached skill level 5 in Armour
  5552 | D:6      | Found Icaist's Distillery.
  5561 | D:6      | Bought a potion of curing for 36 gold pieces
  5561 | D:6      | Bought a potion of heal wounds for 60 gold pieces
  5627 | D:6      | Found a staircase to the Ecumenical Temple.
  5800 | D:7      | Found Peiwn's Magic Scroll Boutique.
  5819 | D:7      | Bought a scroll of blinking for 105 gold pieces
  5974 | D:7      | Got encrusted gold dragon scales
  5985 | D:7      | Identified the cursed +1 gold dragon scales of the Scribe {rPois rF+ rC+ Int+6 Dex+6} (You found it on level 7 of the Dungeon)
  6063 | D:7      | Reached skill level 5 in Dodging
  6230 | D:7      | Noticed a hippogriff
  6244 | D:7      | Killed a hippogriff
  6244 | D:7      | Reached XP level 9. HP: 73/79 MP: 11/11
  6338 | D:8      | Noticed Psyche
  6360 | D:8      | Killed Psyche
  6456 | D:8      | Noticed Gastronok
  6684 | D:8      | Got an encrusted scale mail
  6696 | D:8      | Identified the +0 scale mail of Vyrphi Wiori {rF+ rC- rN+ Dex+3} (You took it off an orc on level 8 of the Dungeon)
  7209 | D:9      | Found a snail-covered altar of Cheibriados.
  7500 | D:9      | Reached XP level 10. HP: 82/85 MP: 13/13
  7670 | D:9      | Found a radiant altar of Vehumet.
  8074 | D:10     | Entered Level 10 of the Dungeon
  8376 | D:10     | Killed an unseen horror
  8644 | D:10     | Found a staircase to the Lair.
  9104 | D:10     | Killed an unseen horror
  9629 | D:11     | Noticed Dox's ghost (journeyman GrFi)
  9633 | D:11     | Noticed Erica
  9695 | D:11     | Reached XP level 11. HP: 85/96 MP: 14/14
  9837 | D:10     | Killed Erica
 10083 | D:11     | Killed Dox's ghost
 10715 | D:11     | Found Hyileopp's Armour Shop.
 10716 | D:11     | Found a staircase to the Orcish Mines.
 10795 | D:11     | Noticed a sea snake
 10814 | D:11     | Killed a sea snake
 11314 | Lair:1   | Entered Level 1 of the Lair of Beasts
 11904 | Lair:1   | Reached skill level 5 in Shields
 11939 | Lair:1   | Found an iron altar of Okawaru.
 12705 | Lair:2   | Reached XP level 12. HP: 102/105 MP: 15/15
 12712 | Lair:2   | Found the +8 whip "Snakebite" {curare, rPois}
 13058 | Lair:2   | Reached skill level 1 in Maces & Flails
 13276 | Lair:3   | Reached skill level 2 in Maces & Flails
 13389 | Lair:3   | Reached skill level 3 in Maces & Flails
 13482 | Lair:3   | Reached skill level 4 in Maces & Flails
 13720 | Lair:3   | Found a staircase to the Snake Pit.
 13934 | Lair:3   | Found a staircase to the Shoals.
 13948 | Lair:3   | Reached skill level 5 in Maces & Flails
 14337 | Lair:4   | Reached skill level 6 in Maces & Flails
 14739 | Lair:4   | Reached skill level 7 in Maces & Flails
 14963 | Lair:4   | Noticed Sonja
 15088 | Lair:4   | Killed Sonja
 15088 | Lair:4   | Reached skill level 8 in Maces & Flails
 15382 | Lair:5   | Noticed a six-headed hydra
 15415 | Lair:5   | Found a staircase to the Slime Pits.
 15581 | Lair:5   | Noticed a five-headed hydra
 15659 | Lair:4   | Killed a five-headed hydra
 15659 | Lair:4   | Reached skill level 9 in Maces & Flails
 15775 | Lair:5   | Reached skill level 10 in Fighting
 15775 | Lair:5   | Reached XP level 13. HP: 98/113 MP: 16/16
 16297 | Lair:5   | Reached skill level 10 in Maces & Flails
 17090 | Lair:6   | Entered Level 6 of the Lair of Beasts
 17727 | Lair:6   | Reached skill level 11 in Maces & Flails
 17735 | Lair:6   | Noticed an entropy weaver
 17755 | Lair:6   | Killed an entropy weaver
 18154 | Lair:6   | Reached skill level 12 in Maces & Flails
 18160 | Lair:6   | Reached skill level 10 in Armour
 18429 | Lair:6   | Got a pitted quarterstaff
 18435 | Lair:6   | Identified the cursed +2 quarterstaff of the Sky {venom, Int+4} (You found it on level 6 of the Lair of Beasts)
 18466 | Lair:6   | Reached XP level 14. HP: 124/124 MP: 17/17
 19190 | Orc:1    | Entered Level 1 of the Orcish Mines
 19563 | Orc:2    | Entered Level 2 of the Orcish Mines
 19563 | Orc:2    | Found Iwnot's Weapon Shop.
 19876 | Orc:2    | Found a staircase to the Elven Halls.
 19957 | Orc:2    | Paralysed by an orc sorcerer for 7 turns
 20555 | Orc:2    | Gained mutation: You are dopey. (Int -2) [a neqoxec]
 21268 | Orc:2    | Found Quydeitu's Jewellery Shoppe.
 21268 | Orc:2    | Found Edal's Antique Armour Shoppe.
 21269 | Orc:2    | Found Xuaryk's Armour Shoppe.
 21269 | Orc:2    | Found Pameivoi's Food Emporium.
 21280 | Orc:2    | Bought a +2 pair of gloves for 198 gold pieces
 21306 | Orc:2    | Bought a +6 ring of evasion for 1092 gold pieces
 22076 | D:12     | Noticed Rupert
 22096 | D:12     | Killed Rupert
 22204 | D:12     | Noticed Snorg
 22231 | D:12     | Killed Snorg
 22351 | D:12     | Found an opulent altar of Gozag.
 22747 | Orc:2    | Bought the ring of Erememoa {rPois rF- Str+3 Dex+8} for 603 gold pieces
 23205 | D:13     | Reached skill level 10 in Shields
 23251 | D:13     | Found a gate to the Vaults.
 23651 | D:13     | Found Omyny's Antique Armour Shoppe.
 23857 | D:13     | Noticed Nessos
 23878 | D:13     | Killed Nessos
 24317 | D:14     | Reached XP level 15. HP: 120/130 MP: 18/18
 24592 | D:14     | Noticed Frances
 24607 | D:14     | Killed Frances
 24715 | D:14     | Got a pair of translucent boots
 24770 | D:14     | Identified the cursed +0 pair of boots of Catatonia {rF- MR+ rCorr Int+2} (You found it on level 14 of the Dungeon)
 25327 | D:15     | Entered Level 15 of the Dungeon
 25965 | D:15     | Found a staircase to the Depths.
 26015 | D:15     | Paralysed by a wizard for 6 turns
 26336 | D:15     | Identified the Tome of Dark Hexes
 27171 | Shoals:1 | Entered Level 1 of the Shoals
 27289 | Shoals:1 | Found a frozen archway.
 27298 | IceCv    | Entered an ice cave
 27474 | IceCv    | Got a steaming scale mail
 28160 | IceCv    | Noticed an Ice Fiend
 28800 | IceCv    | Killed an Ice Fiend
 29067 | IceCv    | Got a pair of distressingly furry gloves
 29078 | IceCv    | Identified the +2 pair of gloves of Guling {rF- rN+++ Str+3 Stlth+} (You found it in an ice cave)
 29128 | IceCv    | Identified the cursed +0 scale mail of Activism {*Slow rF+ rCorr Str+3} (You found it in an ice cave)
 29541 | Shoals:1 | Noticed a kraken
 29601 | Shoals:1 | Killed a kraken
 30632 | Shoals:3 | Reached XP level 16. HP: 132/147 MP: 19/19
 30998 | Shoals:3 | Identified a scroll of acquirement
 31159 | Shoals:3 | Reached skill level 10 in Dodging
 31828 | Shoals:4 | Entered Level 4 of the Shoals
 31870 | Shoals:4 | Noticed Ilsuiw
 31942 | Shoals:4 | Killed Ilsuiw
 32072 | Shoals:4 | Noticed tensugalgo's ghost (adept GnGl)
 33418 | Shoals:4 | Killed tensugalgo's ghost
 33531 | Shoals:4 | Got a barnacled rune of Zot
 33652 | Shoals:4 | Got a faintly glowing helmet
 33658 | Shoals:4 | Identified the cursed +0 helmet of the Distant Future {rN+ Int+4} (You found it on level 4 of the Shoals)
 33764 | Shoals:4 | Found a shattered altar of Ashenzari.
 34139 | Shoals:4 | Noticed a kraken
 34178 | Shoals:4 | Killed a kraken
 34581 | Snake:1  | Entered Level 1 of the Snake Pit
 34586 | Snake:1  | Reached XP level 17. HP: 154/154 MP: 20/20
 34719 | Snake:1  | Noticed Kirke
 34755 | Snake:1  | Killed Kirke
 35005 | Snake:1  | Found a sparkling altar of Nemelex Xobeh.
 35445 | Snake:1  | Noticed Louise
 35466 | Snake:1  | Killed Louise
 35950 | Snake:1  | Noticed Aizul
 35985 | Snake:1  | Killed Aizul
 36650 | Snake:2  | Noticed Jorgrun
 36676 | Snake:2  | Killed Jorgrun
 38372 | Snake:4  | Entered Level 4 of the Snake Pit
 39237 | Snake:4  | Reached skill level 15 in Shields
 39429 | Snake:4  | Reached XP level 18. HP: 111/162 MP: 21/21
 40284 | Snake:4  | Got a serpentine rune of Zot
 40534 | Slime:1  | Entered Level 1 of the Pits of Slime
 40969 | Depths:1 | Entered Level 1 of the Depths
 41411 | Depths:1 | Found a runed door.
 41718 | Depths:1 | Found a gateway to Hell.
 42363 | Depths:1 | Reached skill level 15 in Fighting
 43257 | Depths:2 | Found a hazy altar of Hepliaklqana.
 43804 | Depths:2 | Noticed a juggernaut
 43804 | Depths:2 | a titan changed into a juggernaut
 43806 | Depths:2 | Noticed a shard shrike
 43806 | Depths:2 | a juggernaut changed into a shard shrike
 43812 | Depths:2 | a shard shrike changed into a titan
 43943 | Depths:2 | Noticed a juggernaut
 43943 | Depths:2 | a titan changed into a juggernaut
 43945 | Depths:2 | a juggernaut changed into a titan
 44044 | Depths:2 | Found a blossoming altar of Fedhas.
 44046 | Depths:2 | Found a one-way gate leading to the halls of Pandemonium.
 44116 | Depths:2 | Found a burning altar of Makhleb.
 44157 | Depths:2 | Reached XP level 19. HP: 87/174 MP: 12/22
 44757 | Depths:2 | Found a basalt altar of Yredelemnul.
 44759 | Depths:2 | Found a gateway to a ziggurat.
 44887 | Depths:2 | Found a one-way gate to the infinite horrors of the Abyss.
 45228 | Depths:2 | Noticed a golden dragon
 45252 | Depths:2 | Killed a golden dragon
 46353 | Depths:3 | Paralysed by a vampire knight for 4 turns
 46944 | Depths:3 | Found Irhol's Jewellery Emporium.
 46944 | Depths:3 | Found Tehub's Gadget Boutique.
 46945 | Depths:3 | Found Hawuf's Jewellery Emporium.
 47938 | Depths:3 | Found the +3 Elemental Staff {rElec rF++ rC++ MR++ AC+5}
 47956 | Depths:3 | Identified the Disquisition on Ignition
 47959 | Depths:3 | Identified the Papyrus of Stones
 48087 | Depths:4 | Paralysed by a floating eye for 3 turns
 48101 | Depths:4 | Paralysed by a floating eye for 2 turns
 48426 | Depths:4 | Reached XP level 20. HP: 189/191 MP: 24/24
 48710 | Depths:4 | Got a twisted lajatang
 48717 | Depths:4 | Identified the +5 lajatang "Oriap" {slice, Str+2} (You found it on level 4 of the Depths)
 48772 | Depths:4 | Noticed a caustic shrike
 48777 | Depths:4 | Killed a caustic shrike
 48956 | Depths:4 | Paralysed by a floating eye for 4 turns
 49261 | Depths:4 | Paralysed by a vampire knight for 6 turns
 49412 | Depths:4 | Got a faintly glowing morningstar
 49413 | Depths:4 | Identified the cursed +0 morningstar "Giant's Regret" {flame, rC+} (You found it on level 4 of the Depths)
 50276 | Depths:5 | Entered Level 5 of the Depths
 50942 | Depths:5 | Noticed Margery
 51499 | Vaults:1 | Entered Level 1 of the Vaults
 53068 | Vaults:2 | Noticed Frederick
 53089 | Vaults:2 | Killed Frederick
 53528 | Vaults:2 | Reached XP level 21. HP: 207/207 MP: 25/25
 53827 | Vaults:2 | Found a staircase to the Crypt.
 53827 | Vaults:2 | Found a basalt altar of Yredelemnul.
 53828 | Vaults:2 | Found an ancient bone altar of Kikubaaqudgha.
 55494 | Vaults:3 | Found a sparkling altar of Nemelex Xobeh.
 57177 | Vaults:5 | Entered Level 5 of the Vaults
 57343 | Vaults:5 | Noticed an ancient lich
 57520 | Vaults:4 | Reached XP level 22. HP: 215/222 MP: 26/26
 57533 | Vaults:4 | Reached skill level 15 in Armour
 57652 | Vaults:5 | Found the +9 scales of the Dragon King {rPois rF+ rC+ MR+}
 57666 | Vaults:5 | Noticed an ancient lich
 57720 | Vaults:5 | Killed an ancient lich
 58379 | Vaults:4 | Killed an ancient lich
 58874 | Vaults:5 | Got a faintly humming cloak
 58875 | Vaults:5 | Identified the +1 cloak "Talesh" {*Corrode MP+9 Int+4 Slay+6} (You found it on level 5 of the Vaults)
 59204 | Vaults:5 | Found Cosoetui's Distillery.
 59204 | Vaults:5 | Found Nohan's Distillery.
 59306 | Vaults:5 | Noticed Saint Roka
 59467 | Vaults:5 | Killed Saint Roka
 59542 | Vaults:5 | Found Ziul Emes's Distillery.
 59543 | Vaults:5 | Bought a potion of curing for 36 gold pieces
 59543 | Vaults:5 | Bought a potion of agility for 48 gold pieces
 59543 | Vaults:5 | Bought a potion of curing for 36 gold pieces
 59550 | Vaults:5 | Bought a potion of haste for 180 gold pieces
 59550 | Vaults:5 | Bought a potion of heal wounds for 90 gold pieces
 59550 | Vaults:5 | Bought a potion of heal wounds for 90 gold pieces
 59550 | Vaults:5 | Bought 2 potions of curing for 108 gold pieces
 59557 | Vaults:5 | Found Ihypt's Food Shoppe.
 59583 | Vaults:5 | Got a silver rune of Zot
 59591 | Vaults:5 | Found Haoc's Distillery.
 59591 | Vaults:5 | Found Zeydenyj's Distillery.
 59595 | Vaults:5 | Found Eroh Leo's Magic Scroll Shop.
 59610 | Vaults:5 | Found Gus Vanko's Food Emporium.
 59644 | Vaults:5 | Bought a potion of experience for 1100 gold pieces
 59644 | Vaults:5 | Reached XP level 23. HP: 229/229 MP: 27/27
 60065 | Vaults:5 | Identified the Incunabulum of Mutagenic Clay
 60152 | Vaults:5 | Bought a scroll of enchant armour for 127 gold pieces
 60152 | Vaults:5 | Bought a scroll of blinking for 127 gold pieces
 60152 | Vaults:5 | Bought a scroll of enchant weapon for 127 gold pieces
 60173 | Vaults:5 | Bought a potion of heal wounds for 95 gold pieces
 60173 | Vaults:5 | Bought a potion of heal wounds for 95 gold pieces
 60274 | Vaults:5 | Found Zaitraw's Jewellery Emporium.
 61090 | Elf:1    | Entered Level 1 of the Elven Halls
 61408 | Elf:1    | Reached skill level 13 in Maces & Flails
 61411 | Elf:1    | Noticed zx48k's ghost (journeyman HOFE)
 61421 | Elf:1    | Reached XP level 24. HP: 227/237 MP: 27/27
 61437 | Elf:1    | Killed zx48k's ghost
 61534 | Elf:1    | Identified the Almanac of Summoning
 61674 | Elf:1    | Found Soodghith's Assorted Antiques.
 61881 | Elf:2    | Reached skill level 14 in Maces & Flails
 62026 | Elf:2    | Found a runed gate.
 62030 | Elf:2    | Found a runed gate.
 62030 | Elf:2    | Found a runed gate.
 62219 | Elf:2    | Reached skill level 15 in Maces & Flails
 62977 | Elf:3    | Entered Level 3 of the Elven Halls
 63067 | Elf:3    | Reached skill level 16 in Maces & Flails
 63069 | Elf:3    | Noticed Mara
 63092 | Elf:3    | Noticed Silentium's illusion
 63096 | Elf:3    | Killed Mara
 63113 | Elf:3    | Got a shimmering broad axe
 63114 | Elf:3    | Identified the cursed +1 broad axe "Woemuinn" {protect, +Rage rElec rF+ Str+6} (You found it on level 3 of the Elven Halls)
 63133 | Elf:3    | Found Vyckynk Kaor's Jewellery Boutique.
 63309 | Elf:3    | Noticed Ivernyr's ghost (veteran DsSk)
 63317 | Elf:3    | Killed Ivernyr's ghost
 63888 | Elf:3    | Reached skill level 17 in Maces & Flails
 64283 | Elf:3    | Found the +8 storm bow {elec}
 64935 | Depths:5 | Reached skill level 18 in Maces & Flails
 65038 | Depths:5 | Killed Margery
 65298 | Depths:5 | Found a gate to the Realm of Zot.
 65320 | Depths:5 | Gained mutation: Potions are less effective at restoring your health. [a shining eye]
 65333 | Depths:5 | Reached skill level 19 in Maces & Flails
 65920 | Depths:5 | Voluntarily entered the Abyss.
 65920 | Abyss:1  | Found a hide-covered altar of Uskayaw.
 65951 | Abyss:1  | Reached XP level 25. HP: 245/245 MP: 27/27
 65995 | Abyss:1  | Gained mutation: You expend magic power (3 MP) to strengthen your wands. [a neqoxec]
 66156 | Abyss:1  | Found a corrupted altar of Lugonu.
 66214 | Abyss:1  | Found a stormy altar of Qazlal.
 66757 | Abyss:2  | Reached skill level 20 in Maces & Flails
 67030 | Abyss:3  | Gained mutation: Your spells are a little easier to cast, but a little less powerful. [a neqoxec]
 67331 | Abyss:3  | Got an abyssal rune of Zot
 67452 | Abyss:3  | Reached skill level 21 in Maces & Flails
 67818 | Depths:5 | Escaped the Abyss
 68224 | Crypt:1  | Entered Level 1 of the Crypt
 68582 | Crypt:1  | Found a basalt altar of Yredelemnul.
 68939 | Crypt:1  | Found a basalt altar of Yredelemnul.
 69297 | Crypt:2  | Reached skill level 22 in Maces & Flails
 69730 | Crypt:3  | Entered Level 3 of the Crypt
 69730 | Crypt:3  | Noticed Jory
 69862 | Crypt:3  | Killed Jory
 70032 | Crypt:3  | Reached XP level 26. HP: 234/253 MP: 27/27
 70166 | Crypt:3  | Found the +4 dagger "Morg" {pain, MR+ Int+5}
 70190 | Crypt:3  | Noticed an ancient lich
 70192 | Crypt:3  | Killed an ancient lich
 70224 | Crypt:3  | Found an ancient bone altar of Kikubaaqudgha.
 70312 | Crypt:3  | Reached skill level 23 in Maces & Flails
 70468 | Crypt:3  | Found a staircase to the Tomb.
 71012 | Tomb:1   | Entered Level 1 of the Tomb of the Ancients
 71805 | Zot:1    | Entered Level 1 of the Realm of Zot
 73922 | Zot:2    | Reached skill level 24 in Maces & Flails
 74822 | Zot:2    | Reached skill level 15 in Dodging
 76263 | Zot:3    | Noticed an orb of fire
 76271 | Zot:3    | Gained mutation: You tend to lose your temper in combat. [an orb of fire]
 76273 | Zot:3    | Gained mutation: You have sharp toenails. [an orb of fire]
 76273 | Zot:3    | Lost mutation: You tend to lose your temper in combat. [an orb of fire]
 76274 | Zot:3    | Gained mutation: Your spells are easier to cast, but less powerful. [an orb of fire]
 76277 | Zot:3    | Killed an orb of fire
 76864 | Zot:4    | Reached XP level 27. HP: 255/260 MP: 27/27
 77409 | Zot:4    | Got a smoking copper ring
 77450 | Zot:5    | Entered Level 5 of the Realm of Zot
 77761 | Zot:5    | Noticed VanClaymore's ghost (legendary GrMo)
 77778 | Zot:5    | Noticed an orb of fire
 77783 | Zot:5    | HP: 11/260 [Orb Guardian (16)]
 77784 | Zot:5    | Noticed an orb of fire
 77784 | Zot:5    | Gained mutation: Potions are poor at restoring your health. [an orb of fire]
 77786 | Zot:5    | Slain by an Orb Guardian

Skill      XL: |  1  2  3  4  5  6  7  8  9 10 11 12 13 14 15 16 17 18 19 20 21 22 23 24 25 26 |
---------------+-------------------------------------------------------------------------------+-----
Fighting       | 3 4 5 6 7 9 10 11 14 16 19 22 23 | 23.9
Long Blades    | 2 4 5 7 |  7.7
Armour         | 3 6 8 9 10 12 14 16 18 | 18.6
Dodging        | 2 5 7 8 9 12 14 16 | 16.9
Shields        | 6 7 10 15 17 | 17.4
Maces & Flails | 9 12 13 19 22 24 | 24.3

Action                   |  1- 3 |  4- 6 |  7- 9 | 10-12 | 13-15 | 16-18 | 19-21 | 22-24 | 25-27 || total
-------------------------+-------+-------+-------+-------+-------+-------+-------+-------+-------++-------
Melee: Long sword        |   138 |   228 |   174 |       |       |       |       |       |       ||   540
       Falchion          |       |       |   387 |  1049 |       |       |       |       |       ||  1436
       Whip              |       |       |       |   394 |  2842 |   523 |       |       |       ||  3759
       Morningstar       |       |       |       |       |       |  1629 |       |       |       ||  1629
       Demon whip        |       |       |       |       |       |   523 |  3349 |   896 |       ||  4768
       Maul              |       |       |       |       |       |       |       |   409 |   990 ||  1399
Evoke: Wand              |       |     2 |     2 |     4 |       |     1 |     3 |       |       ||    12
  Use: Scroll            |     3 |     1 |     7 |    12 |    22 |    25 |    19 |    18 |    19 ||   126
       Potion            |     1 |     2 |     3 |     9 |    15 |    10 |     5 |     7 |    12 ||    64
 Stab: Sleeping          |       |     1 |       |       |       |       |       |     1 |       ||     2
       Distracted        |       |     1 |       |     1 |       |       |       |       |     2 ||     4
       Fleeing           |       |       |       |       |       |     1 |       |       |       ||     1
       Petrified         |       |       |       |       |       |       |     4 |       |       ||     4
  Eat: Chunk             |     3 |     8 |    12 |    27 |    64 |    33 |    39 |    19 |    15 ||   220
       Ration            |       |       |       |     1 |       |     2 |     2 |     3 |     8 ||    16
Armor: Scale mail        |    52 |    91 |    90 |       |       |       |       |       |       ||   233
       Gold dragon scale |       |       |   136 |   654 |   809 |   722 |    29 |       |       ||  2350
       Chain mail        |       |       |       |     1 |       |       |       |       |       ||     1
       Crystal plate arm |       |       |       |       |       |       |   730 |   691 |  1180 ||  2601
Dodge: Dodged            |    30 |    71 |   197 |   423 |  1056 |  1652 |  1111 |  1402 |  2158 ||  8100
Block: Shield            |    55 |   110 |   272 |   749 |  1520 |  1070 |       |       |       ||  3776
       Large shield      |       |       |       |       |       |  1694 |  3033 |  1017 |       ||  5744
       Rpst.: Long sword |     9 |    24 |    15 |       |       |       |       |       |       ||    48
       Falchion          |       |       |    52 |    82 |       |       |       |       |       ||   134
